Map: Frozen Temple

Players

Caveman

  • Race: Zerg Zerg
  • League: Master

Miszu - Winner!

  • Race: Terran Terran
  • League: Master

VOD

Have the link to the VOD?

Description

Time

  • Played on: May 2, 2016, 8:07 a.m.
  • Length: 6:00
Show
View Real Time Build Order
Export as new Build Order

Caveman Zerg 

Build Orders: Pool First 

Get SALT Encoding   

  12  0:01  Drone  
  13  0:08  Drone  
  14  0:15  Extractor  
  14  0:16  Drone  
  14  0:32  Spawning Pool  
  13  0:36  Drone  
  14  0:43  Extractor, Drone  
  15  0:50  Overlord  
  15  1:18  Metabolic Boost  
  15  1:19  Zergling x6  
  15  1:24  Queen  
  20  1:30  Drone  
  21  1:49  Hatchery  
  21  1:53  Zergling x2  
  21  1:59  Overlord  
  21  2:04  Zergling x2  
  21  2:20  Zergling x2  
  22  2:29  Zergling x2  
  22  2:39  Zergling x2  
  22  2:40  Zergling x4  
  25  3:01  Drone x2  
  25  3:03  Queen  
  28  3:10  Drone x2  
  29  3:18  Drone x2  
  31  3:27  Hatchery  
  30  3:37  Drone x6  
  36  3:47  Overlord  
  36  3:54  Extractor x2, Queen  
  36  3:58  Roach Warren  
  37  4:06  Drone x3  
  37  4:09  Overlord  
  40  4:14  Drone x2  
  42  4:20  Drone x2  
  44  4:30  Drone x5  
  49  4:39  Drone x4  
  53  4:51  Roach  
  53  4:52  Roach  
  57  4:53  Overlord x2  
  57  4:56  Spore Crawler  
  57  4:57  Spore Crawler  
  55  5:07  Spore Crawler  
  54  5:16  Drone x10  
  63  5:22  Spore Crawler  
  58  5:32  Roach x3  
  62  5:42  Drone x5  
  61  5:53  Extractor  
  61  5:55  Extractor x2  
Show
View Real Time Build Order
Export as new Build Order

Miszu Terran - Winner!

Build Orders: Reaper Expand, Hellion Banshee 

Get SALT Encoding   

  12  0:00  SCV  
  13  0:12  SCV  
  14  0:18  Supply Depot  
  14  0:26  SCV  
  15  0:39  SCV  
  15  0:41  Barracks  
  16  0:45  Refinery  
  16  0:53  SCV  
  17  1:05  SCV  
  18  1:17  SCV  
  19  1:30  Reaper  
  19  1:32  Orbital Command  
  20  1:40  Command Center  
  20  1:50  Supply Depot  
  20  1:58  SCV  
  20  2:01  Refinery  
  21  2:02  Marine  
  22  2:14  Factory  
  22  2:18  SCV  
  23  2:24  Barracks Reactor  
  23  2:30  SCV  
  24  2:43  SCV  
  24  2:53  Command Center  
  24  2:55  SCV  
  25  3:07  SCV  
  25  3:09  Hellion  
  25  3:10  Hellion  
  30  3:19  SCV  
  31  3:21  Starport  
  31  3:22  Barracks Tech Lab  
  31  3:39  Supply Depot  
  31  3:49  Engineering Bay  
  31  3:50  Barracks Tech Lab  
  31  3:51  Supply Depot  
  31  4:01  Hellion x2, SCV  
  36  4:03  Banshee  
  36  4:08  Supply Depot  
  39  4:13  SCV  
  39  4:14  Orbital Command  
  40  4:21  Cloaking Field  
  40  4:25  SCV  
  40  4:31  Hellion  
  43  4:33  Hellion, Orbital Command  
  43  4:37  SCV  
  46  4:46  Banshee  
  46  4:48  Armory  
  46  4:49  SCV  
  50  4:59  Hellion x2  
  54  5:01  SCV  
  54  5:03  SCV  
  56  5:13  SCV  
  57  5:14  Supply Depot  
  57  5:16  SCV  
  57  5:20  Hellion  
  60  5:25  SCV  
  60  5:28  SCV  
  60  5:39  SCV  
  60  5:40  SCV  
  67  5:54  Command Center  
  67  5:55  Refinery x2  
Tags
 
Add a new tag
Caveats
  • Supply blocks, unpowered buildings, or Contaminate may cause inaccurate times.
  • Supply counts are checked every 10 seconds.